 Dungeon Crawl Stone Soup version 0.27-a0-1312-g5cdb2b3542 (webtiles) character file.

Game seed: 5265014024302378164

160977 27snakeeyes612 the Severer (level 17, -4/160 HPs)
             Began as a Minotaur Berserker on June 19, 2021.
             Was the Champion of Trog.
             Shot with a bolt by a naga sharpshooter (17 damage)
             ... on level 4 of the Snake Pit.
             The game lasted 00:28:30 (31646 turns).

27snakeeyes612 the Severer (Minotaur Berserker)    Turns: 31646, Time: 00:28:31

Health: -4/160     AC: 49    Str: 41    XL:     17   Next: 19%
Magic:  16/16      EV: 12    Int:  4    God:    Trog [******]
Gold:   2584       SH: 16    Dex: 10    Spells: 16/16 levels left

rFire    . . .     SeeInvis .   N - +7 broad axe (protect)
rCold    + + .     Faith    +   m - +0 kite shield {reflect}
rNeg     . . .     Spirit   .   p - +27 Lear's hauberk
rPois    .         Reflect  +   (helmet currently unavailable)
rElec    .         Harm     .   Q - +0 cloak {rC+}
rCorr    .         Rampage  .   (gloves currently unavailable)
Will     +++..     NoTele   +   (boots currently unavailable)
Stlth    ..........             Z - amulet "Fech" {Faith Regen+}
HPRegen  2.36/turn              j - +6 ring of strength
MPRegen  0.15/turn              H - ring "Nairavom" {rC+ Str+6}

@: lethally poisoned (-4 -> -5), untranslocatable, strong-willed, under a
protective aura, regenerating, slowed, constricted, very slow
A: horns 2, retaliatory headbutt
a: Renounce Religion, Berserk, Trog's Hand, Brothers in Arms


You were on level 4 of the Snake Pit.
You worshipped Trog.
Trog was exalted by your worship.
You visited 5 branches of the dungeon, and saw 28 of its levels.
You also visited: Bailey, Gauntlet and Ice Cave.

You collected 3428 gold pieces.
You spent 844 gold pieces at shops.

Inventory:

Hand Weapons
 w - a +2 flail of protection
 N - a +7 broad axe of protection (weapon)
Missiles
 y - 14 curare-tipped darts
Armour
 f - a +2 buckler
 l - a +0 kite shield
 m - a +0 kite shield of reflection (worn)
 p - the +27 Lear's hauberk (worn)
   (You found it on level 6 of the Dungeon)
 r - a +2 hat
 v - a +0 pair of gloves
 Q - a +0 cloak of cold resistance (worn)
Jewellery
 a - a ring of flight
 b - a +4 ring of protection
 j - a +6 ring of strength (left hand)
 k - a ring of see invisible
 q - an amulet of regeneration
 E - a ring of positive energy
 H - the ring "Nairavom" (right hand) {rC+ Str+6}
   (You found it on level 9 of the Dungeon)

   [ring of strength]

   It affects your strength (+6).
   It protects you from cold.
 I - a ring of poison resistance
 T - a +4 ring of evasion
 Z - the amulet "Fech" (around neck) {Faith Regen+}
   (You found it in a Gauntlet)

   [amulet of faith]

   It allows you to gain divine favour quickly.
   It increases your rate of health regeneration.
Wands
 o - a wand of digging (9)
 u - a wand of acid (7) (quivered)
 x - a wand of mindburst (29)
 B - a wand of flame (71)
 C - a wand of polymorph (16)
 G - a wand of iceblast (39)
 J - a wand of paralysis (26)
Scrolls
 c - 11 scrolls of teleportation
 g - 16 scrolls of identify
 h - a scroll of holy word
 A - 2 scrolls of fog
 K - 3 scrolls of magic mapping
 L - 5 scrolls of blinking
 S - 4 scrolls of enchant armour
 U - 2 scrolls of enchant weapon
 X - 2 scrolls of summoning
 Y - 3 scrolls of fear
Potions
 d - 8 potions of haste
 e - 7 potions of attraction
 i - 4 potions of lignification
 n - a potion of heal wounds
 s - 6 potions of curing
 t - 4 potions of brilliance
 z - a potion of magic
 D - a potion of degeneration {unknown}
 F - 3 potions of resistance
 M - 2 potions of flight {unknown}
 O - 2 potions of berserk rage
 P - 9 potions of mutation {unknown}
 R - 3 potions of might {unknown}
 V - 2 potions of cancellation {unknown}


   Skills:
 + Level 16.6 Fighting
 + Level 16.6 Axes
 + Level 16.3 Armour
 + Level 15.2 Dodging
 + Level 16.1 Shields


You had 16 spell levels left.
You didn't know any spells.
Your spell library was empty.

Dungeon Overview and Level Annotations

Branches:
Dungeon (15/15)            Temple (0/1) D:7            Lair (6/6) D:9
 Shoals (0/4) Lair:2        Snake (4/4) Lair:4        Slime (0/5) Lair:5
    Orc (2/2) D:12            Elf (0/3) Orc:2        Vaults (0/5) D:13
 Depths (1/5) D:15         Bailey (visited)           IceCv (visited)
Gauntlet (visited)

Altars:
Dithmenos
Gozag
Sif Muna
Uskayaw
Vehumet
Xom
The Shining One
Beogh
Jiyva

Shops:
D:11 !   Orc:2 [:[*!?(   Snake:1 (   Snake:2 (

Portals:
Ziggurat: Depths:1

Annotations:
Depths:1 3 runed translucent doors, Aizul; Otsymual's ghost, veteran DsBe


Innate Abilities, Weirdness & Mutations

You have a pair of horns on your head.
You reflexively headbutt those who attack you in melee.


Message History

You block the black mamba's attack.
The naga mage hits you but does no damage.
* * * LOW HITPOINT WARNING * * *
The naga mage constricts you.
The anaconda bites you but does no damage.
The black mamba bites you but does no damage.
The shock serpent barely misses you. You furiously retaliate!
You headbutt the shock serpent!
The shock serpent's electric aura discharges, shocking you!
* * * LOW HITPOINT WARNING * * *
The black mamba bites you but does no damage.
The nagaraja hits you but does no damage.
The naga mage hits you but does no damage.
The naga mage constricts you.
The naga sharpshooter mumbles some strange words.
The naga sharpshooter magically shoots a bolt.
The bolt hits you but does no damage.
You cannot blink because you are locked down by a dimension anchor.
You barely miss the naga mage.
The naga mage is lightly wounded.
You completely miss the black mamba. You slice the black mamba!!
Your weapon exudes an aura of protection.
You slice the shock serpent!!
You kill the shock serpent!
Trog accepts your kill.
You slash the nagaraja! You miss the anaconda.
The air sparks with electricity, shocking you!
You feel sick. You block the anaconda's attack.
The black mamba bites you but does no damage.
The black mamba barely misses you. You block the nagaraja's attack.
The anaconda bites you.
* * * LOW HITPOINT WARNING * * *
The naga mage hits you but does no damage.
The naga mage constricts you.
The black mamba bites you but does no damage.
You block the black mamba's attack.
The naga sharpshooter gestures wildly while chanting.
The naga sharpshooter magically shoots a bolt.
The bolt hits you!
You die...

...............##..##..##..#
.####....#######....#..##
..#
.#####...######......#..#
..#
.#..#.......(#.......####
...
....#..##†..............#
........#.####..........#
##.......#[[#..........#..
.........[))..NSNS.#...# .
..............SN@S..#..#
..##..###...#####N.##..#
...##.####S...##....# .#
........###......N### .
.........#....##.....
..#.....#####§.....?.
..#####.#####..##....
.............###...##
.÷..##.##...S.#


You could see a nagaraja (fast, catching breath), 2 naga sharpshooters, an
anaconda, a guardian serpent, 2 black mambas, a naga mage (fast) and a naga.

Vanquished Creatures
  Rupert (D:14)
  Jorgrun (D:14)
  Asterion (Snake:2)
  A sphinx (D:12)
  Agnes (D:15)
  Donald (Snake:3)
  4 nagarajas
  A frost giant (IceCv)
  An emperor scorpion (D:15)
  A stone giant (Depths:1)
  A quicksilver ooze (shapeshifter) (Depths:1)
  Azrael (D:14)
  The ghost of Fahonk the Grappler, a journeyman DrTm of Yredelemnul (Lair:3)
  2 dire elephants
  A minotaur (Gauntlet)
  Snorg (D:13)
  A spark wasp (Depths:1)
  An ettin (Orc:1)
  Josephine (D:14)
  3 fire dragons
  A jiangshi (Depths:1)
  3 salamander tyrants
  4 rakshasas
  7 hydras
  2 boulder beetles
  4 centaur warriors
  7 naga warriors
  A death knight (D:15)
  A catoblepas (D:13)
  3 anacondas
  3 two-headed ogres
  7 death yaks
  3 orc high priests (Orc:2)
  The ghost of Delamore the Spear-Bearer, a novice FoFi of Gozag (D:9)
  3 naga sharpshooters
  6 shock serpents
  A skeletal warrior (D:15)
  Sonja (Lair:6)
  2 salamander mystics
  2 naga ritualists
  A sea snake (Snake:4)
  2 lindwurms
  3 wizards
  A deep elf pyromancer (D:12)
  4 manticores
  16 ugly things
  4 orc knights (Orc:2)
  7 salamanders
  10 mana vipers
  A cyclops (shapeshifter) (Gauntlet)
  A wolf spider (D:12)
  4 orc sorcerers (Orc:2)
  5 cyclopes
  22 black mambas
  A moth of wrath (D:9)
  Maurice (D:8)
  6 elephants
  2 merfolk sirens (Lair:2)
  15 naga magi
  A guardian serpent (Snake:2)
  3 molten gargoyles (Lair:6)
  A torpor snail (Lair:5)
  An eye of devastation (Lair:5)
  An ice statue (IceCv)
  A gargoyle (D:12)
  15 cane toads
  A yaktaur (D:12)
  3 rime drakes
  A freezing wraith (D:15)
  11 komodo dragons
  2 tengu conjurers (D:14)
  A yaktaur (shapeshifter) (D:14)
  An efreet (D:10)
  2 merfolk (Lair:2)
  11 trolls
  20 polar bears
  A meliai (D:12)
  4 hornets
  5 blink frogs
  A raiju (shapeshifter) (Gauntlet)
  5 dream sheep (Lair:3)
  5 slime creatures
  2 centaur simulacra
  A vampire (D:13)
  2 shadows
  A water elemental (D:12)
  A tarantella (shapeshifter) (Gauntlet)
  2 spriggans (Lair:3)
  50 yaks
  9 vampire mosquitoes
  9 wraiths
  6 hogs (D:14)
  8 wyverns
  6 basilisks
  3 fire elementals (D:14)
  2 steam dragons
  19 nagas
  12 water moccasins
  A warg (Orc:2)
  A floating eye (Lair:5)
  4 hell hounds
  24 orc warriors
  An ice beast (D:7)
  A black bear (shapeshifter) (D:14)
  2 black bears
  2 necrophages
  A sky beast (D:7)
  9 ogres
  15 wolves
  7 centaurs
  A phantom (D:5)
  10 kobold brigands
  13 bullfrogs
  2 scorpions (D:4)
  2 water moccasin zombies
  A wyvern skeleton (D:7)
  3 killer bees (D:7)
  2 howler monkeys (D:6)
  5 wights (D:8)
  2 electric eels (D:12)
  5 lava snakes (Lair:6)
  4 centaur zombies
  3 hounds
  12 orc priests
  5 jellies
  Jessica (D:3)
  2 bullfrog skeletons (D:7)
  2 centaur skeletons (D:5)
  Terence (D:2)
  A gnoll shaman (D:7)
  2 iguanas
  Natasha (D:3)
  24 orc wizards
  7 hell rats (Lair:2)
  4 howler monkey zombies
  8 gnolls
  5 adders
  2 howler monkey skeletons
  11 river rats
  2 shadow imps (Gauntlet)
  16 white imps
  An ufetubus (D:6)
  An adder skeleton (D:4)
  3 worms
  3 dart slugs
  79 orcs
  3 bats
  13 endoplasms
  A giant cockroach (D:3)
  14 goblins
  9 hobgoblins
  2 jackals (D:1)
  7 quokkas
  6 ball pythons
  12 frilled lizards
  19 kobolds
  A quokka skeleton (D:4)
  16 rats (Lair:2)
841 creatures vanquished.

Vanquished Creatures (others)
  Kirke (D:14)
  A shock serpent (Snake:4)
  A wizard (D:13)
  A mana viper (Snake:3)
  An orc (Orc:2)
  23 demonic plants (Gauntlet)
  34 fungi
  28 plants
  9 toadstools (D:5)
99 creatures vanquished.

Grand Total: 940 creatures vanquished

Notes
Turn   | Place    | Note
-------+----------+-------------------------------------------
     0 | D:1      | 27snakeeyes612 the Minotaur Berserker began the quest for
                  | the Orb.
     0 | D:1      | Reached XP level 1. HP: 19/19 MP: 0/0
   290 | D:1      | Reached XP level 2. HP: 25/27 MP: 1/1
  1060 | D:2      | HP: 1/40 [worm (7)]
  1062 | D:2      | Reached XP level 3. HP: 2/33 MP: 2/2
  1692 | D:2      | Reached ** piety under Trog
  1773 | D:2      | Noticed Terence
  1785 | D:2      | Killed Terence
  1786 | D:2      | Reached XP level 4. HP: 27/41 MP: 3/3
  2247 | D:3      | Reached skill level 1 in Shields
  2519 | D:3      | Noticed Natasha
  2527 | D:3      | Killed Natasha
  2528 | D:3      | Reached skill level 5 in Axes
  2689 | D:3      | Reached XP level 5. HP: 40/47 MP: 4/4
  2744 | D:3      | Found a shadowy altar of Dithmenos.
  2910 | D:3      | Found a faded altar of an unknown god.
  2995 | D:3      | Noticed Jessica
  2999 | D:3      | Killed Jessica
  3170 | D:4      | Noticed a necrophage
  3178 | D:4      | Killed a necrophage
  3179 | D:4      | Reached skill level 5 in Fighting
  3351 | D:4      | Noticed a centaur
  3357 | D:4      | Killed a centaur
  3358 | D:4      | Reached XP level 6. HP: 41/56 MP: 5/5
  3673 | D:4      | Found a hide-covered altar of Uskayaw.
  3744 | D:4      | Reached *** piety under Trog
  4069 | D:4      | Reached XP level 7. HP: 61/61 MP: 6/6
  4303 | D:5      | Entered Level 5 of the Dungeon
  4800 | D:5      | Reached skill level 5 in Armour
  5025 | D:5      | Reached XP level 8. HP: 21/70 MP: 7/7
  5036 | D:5      | Reached skill level 5 in Dodging
  5047 | D:5      | HP: 3/71 [poisoned by a kobold brigand]
  5410 | D:5      | Noticed a slime creature
  5410 | D:5      | Noticed a slime creature
  5410 | D:5      | Noticed a slime creature
  5489 | D:4      | Killed a slime creature
  5489 | D:4      | Killed a slime creature
  5490 | D:4      | Reached skill level 5 in Shields
  5784 | D:5      | Killed a slime creature
  5785 | D:5      | Reached XP level 9. HP: 29/79 MP: 8/8
  6170 | D:6      | Noticed a troll
  6185 | D:6      | Killed a troll
  6185 | D:6      | Reached **** piety under Trog
  6656 | D:6      | Noticed a two-headed ogre
  6663 | D:6      | Killed a two-headed ogre
  7012 | D:6      | Found the +27 Lear's hauberk
  7317 | D:7      | Found a staircase to the Ecumenical Temple.
  7610 | D:7      | Reached XP level 10. HP: 74/90 MP: 9/9
  7909 | D:8      | Reached ***** piety under Trog
  7938 | D:8      | Found a flagged portal.
  7946 | Bailey   | Entered a bailey
  8413 | Bailey   | Noticed an orc knight
  8413 | Bailey   | Noticed an orc knight
  8541 | Bailey   | Identified the +12 plate armour "Zotyrr" {rElec}
  8807 | D:8      | Noticed Maurice
  9110 | D:8      | Found a shimmering blue altar of Sif Muna.
  9262 | D:8      | Found a glowing golden altar of the Shining One.
  9289 | D:8      | Killed Maurice
  9750 | D:9      | Identified the +9 war axe of Bimaych {holy, rPois rC+ Str-5
                  | Dex+5}
  9788 | D:9      | Found a radiant altar of Vehumet.
  9811 | D:9      | Noticed an elephant
  9812 | D:9      | Found a staircase to the Lair.
  9822 | D:9      | Reached skill level 10 in Axes
  9837 | D:9      | Killed an elephant
  9838 | D:9      | Reached XP level 11. HP: 77/99 MP: 10/10
 10141 | D:9      | Found a transporter.
 10162 | D:9      | Noticed Delamore's ghost (novice FoFi)
 10171 | D:9      | Found a transporter.
 10229 | D:9      | Reached skill level 10 in Fighting
 10237 | D:9      | Killed Delamore's ghost
 10280 | D:9      | Identified the ring "Nairavom" {rC+ Str+6}
 10604 | D:9      | Noticed a cyan ugly thing
 10606 | D:9      | Noticed a centaur warrior
 10615 | D:9      | Killed a cyan ugly thing
 10616 | D:9      | Killed a centaur warrior
 10617 | D:9      | Reached skill level 10 in Armour
 10752 | D:9      | Noticed a rakshasa
 10757 | D:9      | Killed a rakshasa
 10924 | D:10     | Entered Level 10 of the Dungeon
 11011 | D:10     | Reached skill level 10 in Shields
 11432 | D:10     | Found a shimmering altar of Xom.
 11780 | D:11     | Found Fuluvualu's Distillery.
 11787 | D:11     | Bought a potion of heal wounds for 80 gold pieces
 11787 | D:11     | Bought a potion of heal wounds for 80 gold pieces
 12046 | D:11     | Reached XP level 12. HP: 109/110 MP: 11/11
 12133 | D:11     | Noticed a five-headed hydra
 12138 | D:11     | Killed a six-headed hydra
 12396 | D:12     | Reached skill level 10 in Dodging
 12404 | D:12     | Received a gift from Trog
 12931 | D:12     | Found a staircase to the Orcish Mines.
 13494 | D:12     | Noticed a rakshasa
 13512 | D:12     | Killed a rakshasa
 13524 | D:12     | Noticed a sphinx
 13532 | D:12     | Killed a sphinx
 13575 | D:12     | Noticed a fire dragon
 13586 | D:12     | Killed a fire dragon
 13781 | D:12     | Noticed a boulder beetle
 13793 | D:12     | Killed a boulder beetle
 13893 | D:13     | Noticed a rakshasa
 13903 | D:13     | Killed a rakshasa
 14133 | D:13     | Noticed a two-headed ogre
 14138 | D:13     | Killed a two-headed ogre
 14165 | D:13     | Noticed a catoblepas
 14173 | D:13     | Killed a catoblepas
 14174 | D:13     | Reached XP level 13. HP: 116/119 MP: 12/12
 14279 | D:13     | Noticed Snorg
 14291 | D:13     | Killed Snorg
 14513 | D:13     | Noticed a fire dragon
 14523 | D:13     | Killed a fire dragon
 14840 | D:13     | Found a gate to the Vaults.
 15137 | D:14     | Noticed Kirke
 15147 | D:14     | Killed Kirke
 15229 | D:14     | Noticed Rupert
 15245 | D:14     | Killed Rupert
 15481 | D:14     | Noticed Josephine
 15495 | D:14     | Killed Josephine
 15827 | D:14     | HP: 6/183 [very large slime creature (5)]
 16299 | D:14     | Noticed Azrael
 16313 | D:14     | Killed Azrael
 16627 | D:14     | Reached ****** piety under Trog
 16627 | D:14     | Received a gift from Trog
 16640 | D:14     | Reached XP level 14. HP: 115/129 MP: 13/13
 16890 | D:14     | Noticed Jorgrun
 16905 | D:14     | Killed Jorgrun
 17019 | D:15     | Entered Level 15 of the Dungeon
 17308 | D:15     | Found an opulent altar of Gozag.
 17492 | D:15     | Found a staircase to the Depths.
 17493 | D:15     | Noticed an emperor scorpion
 17522 | D:15     | Killed an emperor scorpion
 17894 | D:15     | Noticed Agnes
 17906 | D:15     | Killed Agnes
 18406 | Depths:1 | Entered Level 1 of the Depths
 18413 | Depths:1 | Noticed a stone giant
 18420 | Depths:1 | Killed a stone giant
 18425 | Depths:1 | Noticed a quicksilver ooze
 18425 | Depths:1 | a spark wasp changed into a quicksilver ooze
 18428 | Depths:1 | Killed a quicksilver ooze
 18462 | Depths:1 | Found a runed translucent gate.
 18462 | Depths:1 | Found a runed translucent gate.
 18462 | Depths:1 | Found a runed translucent gate.
 18463 | Depths:1 | Noticed a quicksilver ooze
 18463 | Depths:1 | Noticed a quicksilver ooze
 18464 | Depths:1 | Noticed a quicksilver ooze
 18466 | Depths:1 | Noticed a quicksilver ooze
 18466 | Depths:1 | Noticed a quicksilver ooze
 18466 | Depths:1 | Noticed a quicksilver ooze
 18466 | Depths:1 | Noticed a quicksilver ooze
 18467 | Depths:1 | Noticed Otsymual's ghost (veteran DsBe)
 18469 | Depths:1 | Found the ring of Shadows {Umbra +Inv Stlth+}
 18469 | Depths:1 | Found a viscous altar of Jiyva.
 18528 | Depths:1 | HP: 5/132 [something (16)]
 18885 | Depths:1 | Found a gateway to a ziggurat.
 18925 | Depths:1 | Noticed a stone giant
 18927 | Depths:1 | Noticed Aizul
 18949 | Depths:1 | HP: 5/132 [spark wasp (17)]
 18956 | Depths:1 | Noticed a tengu reaver
 18956 | Depths:1 | Noticed a stone giant
 19400 | Lair:1   | Entered Level 1 of the Lair of Beasts
 20009 | Lair:2   | Found a frozen archway.
 20036 | IceCv    | Entered an ice cave
 20059 | IceCv    | Received a gift from Trog
 20273 | IceCv    | Noticed a frost giant
 20283 | IceCv    | Reached XP level 15. HP: 126/139 MP: 14/14
 20287 | IceCv    | Killed a frost giant
 20925 | Lair:2   | Found a staircase to the Shoals.
 22257 | Lair:3   | Found a runed translucent door.
 22259 | Lair:3   | Identified the +3 spear of Cataclysm {speed, rElec}
 22260 | Lair:3   | Noticed Fahonk's ghost (journeyman DrTm)
 23149 | Lair:3   | Killed Fahonk's ghost
 23225 | Lair:4   | Received a gift from Trog
 23246 | Lair:4   | Found a gate leading to a gauntlet.
 23256 | Gauntlet | Entered a Gauntlet
 23256 | Gauntlet | Found a transporter.
 23256 | Gauntlet | Found a transporter.
 23256 | Gauntlet | Found a transporter.
 23261 | Gauntlet | Found a transporter.
 23261 | Gauntlet | Found a transporter.
 23272 | Gauntlet | Found a transporter.
 23275 | Gauntlet | Found a transporter.
 23399 | Gauntlet | Identified the +1 leather armour of Tempters {rElec Will+
                  | Dex-4}
 23477 | Gauntlet | Identified the amulet "Fech" {Faith Regen+}
 23553 | Lair:4   | Reached skill level 15 in Axes
 23591 | Lair:4   | Reached skill level 15 in Fighting
 23708 | Lair:4   | Found a staircase to the Snake Pit.
 24078 | Lair:5   | Found a staircase to the Slime Pits.
 24085 | Lair:5   | Paralysed by a floating eye for 4 turns
 24352 | Lair:5   | Received a gift from Trog
 24913 | Lair:6   | Entered Level 6 of the Lair of Beasts
 24952 | Lair:6   | Reached skill level 15 in Armour
 24985 | Lair:6   | Noticed Sonja
 25004 | Lair:6   | Killed Sonja
 25655 | Lair:6   | Found a large runed translucent door.
 25658 | Lair:6   | Found a large runed translucent door.
 25728 | Lair:6   | Reached XP level 16. HP: 102/149 MP: 15/15
 26162 | Orc:1    | Entered Level 1 of the Orcish Mines
 26351 | Orc:2    | Entered Level 2 of the Orcish Mines
 26354 | Orc:2    | Found Reaxiss's Distillery.
 26370 | Orc:2    | Bought a potion of haste for 130 gold pieces
 26370 | Orc:2    | Bought a potion of haste for 130 gold pieces
 26370 | Orc:2    | Bought a potion of haste for 130 gold pieces
 26370 | Orc:2    | Bought a potion of haste for 130 gold pieces
 26386 | Orc:2    | Reached skill level 15 in Shields
 26482 | Orc:2    | Found Tinaiz's Magic Scroll Shop.
 26521 | Orc:2    | Received a gift from Trog
 26547 | Orc:2    | Found a staircase to the Elven Halls.
 26587 | Orc:2    | Bought a scroll of magic mapping for 52 gold pieces
 26587 | Orc:2    | Bought a scroll of blinking for 112 gold pieces
 26836 | Orc:2    | Found Asuasod's Armour Shop.
 26836 | Orc:2    | Found Tupha Roro's Assorted Antiques.
 26838 | Orc:2    | Found Maxtumo's Book Shop.
 26838 | Orc:2    | Found Leekugeq's Antique Armour Shoppe.
 26925 | Orc:2    | Found Iloogix's Weapon Shop.
 27592 | Snake:1  | Entered Level 1 of the Snake Pit
 27882 | Snake:1  | Received a gift from Trog
 28807 | Snake:1  | Found Koexent's Weapon Shop.
 29583 | Snake:2  | Noticed Asterion
 29585 | Snake:2  | Noticed an Executioner
 29591 | Snake:2  | Killed Asterion
 29794 | Snake:2  | Found Durenag's Antique Weapon Boutique.
 30156 | Snake:3  | Noticed Donald
 30167 | Snake:3  | Killed Donald
 30859 | Snake:3  | Reached skill level 15 in Dodging
 31179 | Snake:4  | Entered Level 4 of the Snake Pit
 31183 | Snake:4  | Received a gift from Trog
 31262 | Snake:4  | Reached XP level 17. HP: 142/159 MP: 16/16
 31646 | Snake:4  | Shot with a bolt by a naga sharpshooter

Illustrated notes

Levels and vault maps discovered:
D:1:      lemuel_arrival_tunnels, layout_loops_ring,
          chequers_serial_rivers_marsh, minmay_misc_feat_square, hex_large,
          chequers_hall_statues_corner_a, minmay_box_of_dots
D:2:      layout_rooms, uniq_terence
D:3:      layout_loops_cross, nicolae_dithmenos_through_a_glass_darkly,
          chequers_ecumenical_altar_twisty, uniq_jessica, uniq_natasha
D:4:      layout_loops_ring, amcnicky_altar_gilded, serial_co_window_serial,
          co_window_paths_b, co_window_paths_a, co_window_of_opportunity_a,
          co_window_paths_a, co_window_paths_a, co_window_of_opportunity_b,
          co_window_of_opportunity_c, co_window_broadway_a, glass_columns_c,
          glass_columns_c
D:5:      cheibrodos_fertilizer, layout_basic
D:6:      layout_rooms, kennysheep_flooded_box, grunt_ministairs_9,
          hellmonk_guarded_unrand_lears
D:7:      layout_basic, minmay_temple_entry_crystal_x, minmay_misc_feat_tiny
D:8:      layout_rooms, overflow_temple_1_default, nicolae_tso_carved_into_rock,
          enter_bailey_3, uniq_maurice
D:9:      layout_small_grid, vehumet_crystals, david_lair_generic,
          gammafunk_ghost_berserking_beasts, minmay_diamond_spiral
D:10:     layout_rooms, dk_xom_monty_hall
D:11:     layout_roguey, serial_shops, shop
D:12:     layout_basic, david_orc_2, minivault_23, minmay_evil_grid
D:13:     layout_loops_ring, david_vaults_4, uniq_snorg
D:14:     layout_loops_ring, chequers_serial_rivers_room_a, uniq_azrael,
          uniq_jorgrun, uniq_kirke, uniq_josephine, uniq_rupert
D:15:     hangedman_depths_entry_try_elsewhere_first, layout_gridville,
          nicolae_gozag_seed_capital, uniq_agnes
Lair:1:   layout_hall_layers, hangedman_lair_unloving_vines, pond
Lair:2:   lemuel_ratsnest, layout_layer_cave, elwin_shoals_entry_stream,
          portal_ice_cave_entry_imps, minmay_holes
Lair:3:   layout_cellular_growth, ebering_ghost_funeral_grove,
          cheibrodos_lair_caveside_slide, chequers_serial_rivers_room_b
Lair:4:   layout_misc_corridors, guppyfry_snake_entry_island,
          gauntlet_entry_generic, minivault_27
Lair:5:   layout_hall_layers, minmay_slime_entry_eyes, small_statue_intersection
Lair:6:   cheibrodos_lair_end_hotspot, layout_small_grid, uniq_sonja
Snake:1:  cheibrodos_forgotten_conduit, layout_layer_cave, serial_shops,
          nicolae_lakefront_shop, grunt_ministairs_1
Snake:2:  layout_cave_town, serial_shops, shop_fountains, uniq_asterion
Snake:3:  layout_grid_maze, uniq_donald
Snake:4:  grunt_snake_rune_pools, layout_onion_interference
Orc:1:    layout_caves
Orc:2:    grunt_orc_tribal_feast, layout_diamond_mine, basic_altar,
          serial_shops, nicolae_shop_temple_entry_statues_fountains,
          nicolae_shop_stone, shop
Depths:1: layout_honeycomb, enter_ziggurat_d, hangedman_decor_lopped,
          grunt_metal_band, gammafunk_ghost_ooze, minmay_pinched_square,
          uniq_aizul

Skill      XL: |  1  2  3  4  5  6  7  8  9 10 11 12 13 14 15 16 17 |
---------------+----------------------------------------------------+-----
Axes           | 4 5 6 7 8 10 11 12 13 14 15 16 | 16.6
Fighting       | 4 5 6 7 8 9 11 12 13 14 15 16 | 16.6
Armour         | 3 4 5 6 8 9 10 11 13 14 15 16 | 16.3
Shields        | 1 2 3 4 5 7 8 10 11 12 13 14 15 16 | 16.1
Dodging        | 3 4 6 7 8 9 11 12 13 14 15 | 15.2

Action                   |  1- 3 |  4- 6 |  7- 9 | 10-12 | 13-15 | 16-18 || total
-------------------------+-------+-------+-------+-------+-------+-------++-------
Melee: Hand axe          |    74 |   125 |   235 |   220 |       |       ||   654
       Headbutt          |    11 |    24 |    64 |   147 |   289 |   125 ||   660
       War axe           |       |       |       |   137 |       |       ||   137
       Broad axe         |       |       |       |   122 |   949 |   435 ||  1506
       Flail             |       |       |       |     2 |    14 |       ||    16
Invok: Berserk           |     2 |       |     6 |       |     4 |     1 ||    13
       Trog's Hand       |       |       |     2 |       |     3 |     4 ||     9
       Brothers in Arms  |       |       |       |       |       |     2 ||     2
Evoke: Wand              |       |       |       |     8 |     4 |       ||    12
  Use: Scroll            |       |       |    12 |     7 |    14 |     1 ||    34
       Potion            |       |       |       |       |     4 |     5 ||     9
 Stab: Sleeping          |     1 |       |       |       |       |       ||     1
Armor: Animal skin       |    12 |       |       |       |       |       ||    12
       Scale mail        |       |    19 |       |       |       |       ||    19
       Chain mail        |       |    31 |   107 |   382 |   693 |   231 ||  1444
Dodge: Dodged            |    37 |    38 |   114 |   283 |   544 |   247 ||  1263
Block: Buckler           |     3 |    19 |    83 |   210 |   404 |   110 ||   829
       Kite shield       |       |       |       |       |       |   160 ||   160
       Reflection        |       |       |       |       |       |    11 ||    11

Table legend: (Time is in decaauts)
 A = Elapsed time spent in this place.
 B = Non-inter-level travel time spent in this place.
 C = Inter-level travel time spent in this place.
 D = Time resting spent in this place.
 E = Time spent auto-exploring this place.
 F = Levels seen in this place.
 G = Mean time per level.
                   A        B        C        D        E       F      G
               +--------+--------+--------+--------+--------+-----+--------+
         Total |  31656 |  29779 |   1877 |   3121 |  21556 |  31 | 1021.2 |
       Dungeon |  18530 |  17401 |   1129 |   2464 |  12568 |  15 | 1235.3 |
          Lair |   5506 |   4946 |    560 |      0 |   4067 |   6 |  917.7 |
     Snake Pit |   4013 |   3947 |     66 |    181 |   3170 |   4 | 1003.2 |
  Orcish Mines |   1212 |   1092 |    120 |      0 |    871 |   2 |  606.0 |
        Depths |    565 |    565 |      0 |    311 |    113 |   1 |  565.0 |
        Bailey |    787 |    787 |      0 |    165 |    221 |   1 |  787.0 |
      Ice Cave |    762 |    762 |      0 |      0 |    483 |   1 |  762.0 |
      Gauntlet |    279 |    279 |      0 |      0 |     62 |   1 |  279.0 |
               +--------+--------+--------+--------+--------+-----+--------+

Top non-repeatable levels by time:
    D:13: 1942 daAuts
    D:12: 1770 daAuts
    D:15: 1675 daAuts
     D:5: 1522 daAuts
 Snake:1: 1487 daAuts
     D:4: 1437 daAuts
     D:9: 1324 daAuts
  Lair:2: 1290 daAuts
    D:14: 1289 daAuts
     D:3: 1109 daAuts
 Snake:3: 1088 daAuts
     D:1: 1052 daAuts
     D:2: 1040 daAuts
  Lair:6: 1032 daAuts
     D:6: 1029 daAuts
